AoeStats
← Boost'Hate John

Hideout

503674495Analyzed
4v4 RM · 1mo ago on Sep 1, 2026· 41m 48s· 8 players
Game mode
Random Map
Map size
Large (8 player)
Population
200
Speed
Normal
Resources
Standard
Victory
Conquest
Starting age
Dark Age
Ending age
Imperial Age
RankedLock teamsTeams togetherTeam positionsShared explorationLock speedFull tech treeHidden civsTurbo modeCheats
Victory
Defeat
🇫🇷 Berbers · France
1831
+11
1802
+12
1763
+14
🇩🇪 Mapuche · Germany
1681
+18
🇫🇷 Aztecs · France
1885
-21
🇫🇷 Wu · France
1789
-17
🇫🇷 Inca · France
1647
-11
🇫🇮 Sicilians · Finland
1536
-7
苍天悠悠,何薄于我
9:49 Feudal Age
13:42 Castle Age
12:00 Double-Bit Axe
13:47 Loom
21:04 Bow Saw
21:42 Wheelbarrow
23:28 Scale Barding Armor
23:28 Light Cavalry
25:08 Bloodlines
26:39 Forging
28:49 Chain Barding Armor
36:50 Imperial Age
34:11 Horse Collar
35:10 Heavy Plow
35:18 Gold Mining
36:51 Iron Casting
36:02 Town Watch
37:28 Gold Shaft Mining
37:10 Husbandry
37:02 Cavalier
38:23 Plate Barding Armor
38:17 Farimba
39:43 Chemistry
OGN
10:25 Feudal Age
14:28 Castle Age
13:53 Double-Bit Axe
18:30 Wheelbarrow
18:24 Bow Saw
20:37 Horse Collar
20:44 Loom
22:01 Hand Cart
22:24 Scale Barding Armor
23:26 Chain Barding Armor
24:02 Bloodlines
24:00 Husbandry
24:11 Forging
25:43 Heavy Plow
30:31 Imperial Age
29:02 Gold Mining
29:06 Fletching
29:45 Bodkin Arrow
29:51 Padded Archer Armor
30:12 Ballistics
30:03 Masonry
29:33 Treadmill Crane
30:45 Stone Mining
31:30 Gold Shaft Mining
31:20 Bracer
31:59 Leather Archer Armor
32:33 Town Watch
33:08 Thumb Ring
33:43 Plate Barding Armor
33:38 Cavalier
35:09 Iron Casting
35:05 Ring Archer Armor
34:28 Elite Camel Archer
35:09 Light Cavalry
36:50 Blast Furnace
36:23 Conscription
36:50 Crop Rotation
38:32 Chemistry
37:43 Masonry
38:09 Hoardings
37:24 Hussar
待兼诗歌剧和曼波
6:08 Loom
9:17 Feudal Age
15:46 Castle Age
14:29 Double-Bit Axe
15:55 Fletching
16:46 Crossbowman
23:13 Bodkin Arrow
23:24 Guard Tower
25:27 Ballistics
26:13 Wheelbarrow
27:39 Padded Archer Armor
28:36 Leather Archer Armor
29:05 Bloodlines
30:37 Husbandry
33:53 Horse Collar
38:35 Bow Saw
42:04 Hand Cart
eXitDenDoc
10:06 Feudal Age
8:22 Loom
12:31 Fletching
13:11 Double-Bit Axe
18:53 Castle Age
16:48 Horse Collar
19:39 Bodkin Arrow
20:05 Bow Saw
25:04 Forging
33:05 Wheelbarrow
32:35 Gold Mining
33:20 Heavy Plow
35:20 Gold Shaft Mining
35:12 Stone Mining
36:27 Hand Cart
36:53 Town Watch
40:03 Imperial Age
38:35 Padded Archer Armor
38:40 Malon
39:58 Leather Archer Armor
39:48 Town Patrol
41:19 Crop Rotation
41:25 Ring Archer Armor
41:19 Conscription
41:26 Butalmapu
41:45 Ballistics
42:27 Chemistry
41:20 Elite Skirmisher
mundobear
8:59 Feudal Age
9:50 Double-Bit Axe
10:19 Loom
11:31 Horse Collar
17:30 Fletching
18:45 Scale Mail Armor
20:29 Forging
26:05 Castle Age
26:49 Bodkin Arrow
37:22 Town Watch
scorpion145
11:08 Feudal Age
12:29 Double-Bit Axe
14:49 Castle Age
13:53 Horse Collar
15:51 Bow Saw
15:43 Heavy Plow
17:22 Fletching
17:42 Man-at-Arms
19:53 Bodkin Arrow
21:13 Crossbowman
28:03 Padded Archer Armor
27:52 Loom
28:43 Wheelbarrow
28:46 Ballistics
32:23 Imperial Age
30:10 Gold Mining
32:59 Hand Cart
32:30 Town Watch
32:26 Arbalester
33:08 Bracer
34:21 Chemistry
34:20 Leather Archer Armor
36:51 Chemistry
35:54 Pikeman
36:34 Squires
36:44 Scale Mail Armor
36:54 Forging
37:28 Halberdier
38:40 Chain Mail Armor
39:00 Iron Casting
39:43 Gold Shaft Mining
39:02 Stone Mining
39:11 Arson
39:57 Conscription
40:45 Sitting Tiger
41:26 Plate Mail Armor
42:29 Coinage
Boost'Hate John
9:18 Feudal Age
13:18 Castle Age
12:01 Double-Bit Axe
14:24 Bow Saw
14:56 Sanctity
15:05 Fervor
18:42 Redemption
19:23 Herbal Medicine
20:31 Horse Collar
26:43 Imperial Age
24:39 Atonement
25:46 Devotion
27:13 Gold Mining
27:53 Block Printing
28:24 Illumination
29:14 Theocracy
29:45 Wheelbarrow
28:55 Loom
30:53 Wheelbarrow
31:01 Capped Ram
34:13 Gold Shaft Mining
33:39 Heavy Plow
35:30 Siege Ram
38:49 Crop Rotation
38:14 Stone Mining
39:12 Faith
39:18 Faith
-2n+2q
10:12 Feudal Age
14:06 Castle Age
12:49 Double-Bit Axe
13:38 Fletching
17:01 Crossbowman
18:51 Bodkin Arrow
20:19 Bow Saw
23:34 Padded Archer Armor
25:58 Wheelbarrow
26:52 Leather Archer Armor
28:09 Gold Mining
27:59 Horse Collar
29:04 Hand Cart
30:00 Ballistics
33:27 Imperial Age
31:23 Thumb Ring
34:11 Bracer
35:13 Chemistry
34:10 Guard Tower
33:44 Arbalester
37:12 Scale Mail Armor
37:23 Forging
38:33 Elite Kamayuk
40:42 Chain Mail Armor
41:04 Clinker Construction
41:05 Masonry
Connection lost

Rejoining the realm…

Still unreachable

The connection could not be restored.

Session expired

The server has moved on; the page needs a fresh start.